AoeStats
← sug0ma

Four Lakes

510143330Analyzed
1v1 RM · 2d ago on Sep 29, 2026· 42m 56s· 2 players
Game mode
Random Map
Map size
Tiny (2 player)
Population
200
Speed
Normal
Resources
Standard
Victory
Conquest
Starting age
Dark Age
Ending age
Imperial Age
RankedLock teamsTeams togetherTeam positionsShared explorationLock speedFull tech treeHidden civsTurbo modeCheats
Victory
Defeat
🇦🇷 Japanese · Argentina
1117
+16
🇬🇧 Japanese · United Kingdom
1110
-16
PaulEatPie
5:15 Loom
12:26 Feudal Age
13:25 Double-Bit Axe
19:56 Castle Age
18:06 Fletching
18:24 Padded Archer Armor
20:23 Crossbowman
22:47 Fishing Lines
23:17 Town Watch
23:30 Horse Collar
26:09 Leather Archer Armor
27:17 Gillnets
29:24 Bodkin Arrow
29:28 Gold Mining
30:01 Scale Barding Armor
30:39 Forging
30:55 Bow Saw
32:00 Wheelbarrow
32:41 Chain Barding Armor
33:22 Ballistics
33:13 Clinker Construction
33:42 Iron Casting
36:24 Thumb Ring
39:41 Imperial Age
37:36 Yasama
38:14 Bloodlines
41:24 Arbalester
sug0ma
8:16 Loom
10:16 Feudal Age
12:08 Double-Bit Axe
12:54 Man-at-Arms
20:03 Castle Age
20:07 Forging
19:57 Scale Mail Armor
20:31 Long Swordsman
21:52 Iron Casting
23:40 Horse Collar
30:59 Bow Saw
31:54 Fletching
39:39 Imperial Age
40:15 Chain Mail Armor
41:36 Blast Furnace
41:01 Two-Handed Swordsman
Connection lost

Rejoining the realm…

Still unreachable

The connection could not be restored.

Session expired

The server has moved on; the page needs a fresh start.